PUB
STOCKTON 209 @ ORLANDO ORACLES
04/19/1972
 
TOP OF THE 1ST
Stockton 209 batting - Pitching for Orlando Oracles : RHP Toni Salonen
Pitching: RHP Toni Salonen
Batting: SHB Reggie Smith 0-0: Ball
1-0: Ball
2-0: Ball
3-0: Base on Balls
Batting: LHB Toyotomi Matsumoto 0-0: Called Strike
0-1: Foul Ball, location: 7LMF
0-2: Ball
1-2: Ball
2-2: SINGLE (Line Drive, 4D, EV 110.0 MPH)
Reggie Smith to second
Runner from 2nd tries for 3rd, SAFE, throw by RF made to third
Batting: RHB Paco Ortega 0-0: Fly out, F8 (Line Drive, 8RD, EV 92.5 MPH)
Runner from 3rd tags up, SCORES, throw by CF
Batting: RHB Roberto Hernández 0-0: Ball
1-0: Ball
2-0: Fly out, F6 (Popup, P, EV 73.1 MPH)
Batting: SHB Peter Holt 0-0: Swinging Strike
0-1: SINGLE (Groundball, 4MS, EV 91.3 MPH) (infield hit)
Toyotomi Matsumoto to second
Batting: SHB William Cameron 0-0: Foul Ball, location: 7LSF
0-1: Foul Ball, location: 25F
0-2: Ball
1-2: Foul Ball, location: 2F
1-2: Strikes out swinging
Top of the 1st over - 1 run, 2 hits, 0 errors, 2 left on base; Stockton 1 - Orlando 0
BOTTOM OF THE 1ST
Orlando Oracles batting - Pitching for Stockton 209 : RHP Jim Nash
Pitching: RHP Jim Nash
Batting: RHB Cesar Cedeno 0-0: Ball
1-0: Ball
2-0: Ball
3-0: Called Strike
3-1: Called Strike
3-2: Strikes out swinging
Batting: LHB Matty Alou 0-0: Ball
1-0: Foul Ball, location: 9LSF
1-1: Fly out, F2 (Popup, 2LF, EV 85.6 MPH)
Batting: LHB Rusty Staub 0-0: Called Strike
0-1: Foul Ball, location: 5FF
0-2: Strikes out swinging
Bottom of the 1st over - 0 runs, 0 hits, 0 errors, 0 left on base; Stockton 1 - Orlando 0
TOP OF THE 2ND
Stockton 209 batting - Pitching for Orlando Oracles : RHP Toni Salonen
Batting: LHB Graig Nettles 0-0: Ball
1-0: Foul Ball, location: 5F
1-1: Ball
2-1: Foul Ball, location: 7LDF
2-2: Foul Ball, location: 7LDF
2-2: Ball
3-2: Strikes out swinging
Batting: RHB Cam Carreon 0-0: Ball
1-0: Called Strike
1-1: Foul Ball, location: 23FF
1-2: Strikes out swinging
Batting: RHB Jim Nash 0-0: Ball
1-0: Called Strike
1-1: Ball
2-1: Foul Ball, location: 25F
2-2: Foul Ball, location: 2LF
2-2: Strikes out swinging, 2-3 out at first.
Top of the 2nd over - 0 runs, 0 hits, 0 errors, 0 left on base; Stockton 1 - Orlando 0
BOTTOM OF THE 2ND
Orlando Oracles batting - Pitching for Stockton 209 : RHP Jim Nash
Batting: RHB Edward Wilson 0-0: DOUBLE (Flyball, 78D, EV 107.5 MPH)
Batting: LHB Ken'ichi Taketo 0-0: Called Strike
0-1: Ball
1-1: Swinging Strike
1-2: Strikes out looking
Batting: LHB Ed Herrmann 0-0: Called Strike
0-1: Ball
1-1: Ball
2-1: Ball
3-1: Called Strike
3-2: Fly out, F8 (Flyball, 78S, EV 91.3 MPH)
Batting: RHB Miguel Chávez 0-0: Ball
1-0: Called Strike
1-1: Swinging Strike
1-2: Foul Ball, location: 9LDF
1-2: Ground out 4-3 (Groundball, 4S, EV 65.0 MPH)
Bottom of the 2nd over - 0 runs, 1 hit, 0 errors, 1 left on base; Stockton 1 - Orlando 0
TOP OF THE 3RD
Stockton 209 batting - Pitching for Orlando Oracles : RHP Toni Salonen
Batting: SHB Reggie Smith 0-0: Ball
1-0: Called Strike
1-1: Ball
2-1: Called Strike
2-2: Foul Ball, location: 25F
2-2: Ball
3-2: Strikes out swinging
Batting: LHB Toyotomi Matsumoto 0-0: Called Strike
0-1: Called Strike
0-2: Foul Ball, location: 9LMFF
0-2: Ball
1-2: Ball
2-2: SINGLE (Line Drive, 8RS, EV 94.4 MPH)
Batting: RHB Paco Ortega 0-0: 2-RUN HOME RUN (Flyball, 9D, EV 101.3 MPH), Distance : 379 ft
Batting: RHB Roberto Hernández 0-0: Ball
1-0: Called Strike
1-1: SOLO HOME RUN (Flyball, 8RXD, EV 107.5 MPH), Distance : 419 ft
Batting: SHB Peter Holt 0-0: SINGLE (Line Drive, 89M, EV 104.4 MPH)
Batting: SHB William Cameron 0-0: Foul Ball, location: 25FF
0-1: Foul Ball, location: 2F
0-2: Ball
1-2: Ball
2-2: Grounds into double play, 3-6-1 (Groundball, 3, EV 106.9 MPH)
Top of the 3rd over - 3 runs, 4 hits, 0 errors, 0 left on base; Stockton 4 - Orlando 0
BOTTOM OF THE 3RD
Orlando Oracles batting - Pitching for Stockton 209 : RHP Jim Nash
Batting: RHB Dan Brown 0-0: Foul Ball, location: 9LDF
0-1: Foul Ball, location: 7LSF
0-2: Ball
1-2: Ground out 4-3 (Groundball, 34, EV 104.4 MPH)
Batting: RHB Toni Salonen 0-0: SINGLE (Groundball, 34D, EV 100.6 MPH)
Batting: RHB Cesar Cedeno 0-0: Called Strike
0-1: Ball
1-1: Foul Ball, location: 5F
1-2: Strikes out swinging
Batting: LHB Matty Alou 0-0: Swinging Strike
0-1: Ball
1-1: Ball
2-1: Called Strike
2-2: Ground out U3 (Groundball, 3, EV 91.9 MPH)
Bottom of the 3rd over - 0 runs, 1 hit, 0 errors, 1 left on base; Stockton 4 - Orlando 0
TOP OF THE 4TH
Stockton 209 batting - Pitching for Orlando Oracles : RHP Toni Salonen
Batting: LHB Graig Nettles 0-0: Called Strike
0-1: Called Strike
0-2: Fly out, F9 (Flyball, 9, EV 83.8 MPH)
Batting: RHB Cam Carreon 0-0: Called Strike
0-1: Ball
1-1: Ball
2-1: Foul Ball, location: 9LDF
2-2: Fly out, F8 (Flyball, 8LXD, EV 95.6 MPH)
Batting: RHB Jim Nash 0-0: Ball
1-0: Ball
2-0: Called Strike
2-1: Foul Ball, location: 3DF
2-2: Strikes out swinging
Top of the 4th over - 0 runs, 0 hits, 0 errors, 0 left on base; Stockton 4 - Orlando 0
BOTTOM OF THE 4TH
Orlando Oracles batting - Pitching for Stockton 209 : RHP Jim Nash
Batting: LHB Rusty Staub 0-0: Called Strike
0-1: Foul Ball, location: 23F
0-2: Ball
1-2: Ball
2-2: Fly out, F5 (Popup, 56, EV 66.9 MPH)
Batting: RHB Edward Wilson 0-0: Ball
1-0: Fly out, F9 (Flyball, 9, EV 94.4 MPH)
Batting: LHB Ken'ichi Taketo 0-0: Foul Ball, location: 9LMF
0-1: Called Strike
0-2: Foul Ball, location: 5SF
0-2: Strikes out swinging
Bottom of the 4th over - 0 runs, 0 hits, 0 errors, 0 left on base; Stockton 4 - Orlando 0
TOP OF THE 5TH
Stockton 209 batting - Pitching for Orlando Oracles : RHP Toni Salonen
Batting: SHB Reggie Smith 0-0: Called Strike
0-1: Foul Ball, location: 23F
0-2: Ball
1-2: Strikes out swinging
Batting: LHB Toyotomi Matsumoto 0-0: Ball
1-0: Called Strike
1-1: Ball
2-1: Ball
3-1: Foul Ball, location: 7LDF
3-2: Foul Ball, location: 2F
3-2: Foul Ball, location: 7LMF
3-2: Strikes out swinging
Batting: RHB Paco Ortega 0-0: Called Strike
0-1: DOUBLE (Flyball, 8RXD, EV 104.4 MPH)
Batting: RHB Roberto Hernández 0-0: Foul Ball, location: 9LSF
0-1: Ball
1-1: Called Strike
1-2: Foul Ball, location: 23F
1-2: SINGLE (Groundball, 6MD, EV 98.8 MPH)
Paco Ortega to third
Runner from 3rd tries for Home, SAFE, throw by CF to home
Batting: SHB Peter Holt 0-0: Fly out, F8 (Flyball, 8LM, EV 76.3 MPH)
Top of the 5th over - 1 run, 2 hits, 0 errors, 1 left on base; Stockton 5 - Orlando 0
BOTTOM OF THE 5TH
Orlando Oracles batting - Pitching for Stockton 209 : RHP Jim Nash
Batting: LHB Ed Herrmann 0-0: Ball
1-0: Foul Ball, location: 9LDF
1-1: Fly out, F8 (Flyball, 78M, EV 97.5 MPH)
Batting: RHB Miguel Chávez 0-0: Ball
1-0: Called Strike
1-1: Foul Ball, location: 5SF
1-2: Ball
2-2: Ground out 4-3 (Groundball, 34, EV 90.6 MPH)
Batting: RHB Dan Brown 0-0: Called Strike
0-1: Ball
1-1: Foul Ball, location: 7LDF
1-2: Foul Ball, location: 9LSF
1-2: Ground out 4-3 (Groundball, 4, EV 94.4 MPH)
Bottom of the 5th over - 0 runs, 0 hits, 0 errors, 0 left on base; Stockton 5 - Orlando 0
TOP OF THE 6TH
Stockton 209 batting - Pitching for Orlando Oracles : RHP Toni Salonen
Batting: SHB William Cameron 0-0: Ball
1-0: Ball
2-0: Foul Ball, location: 2F
2-1: Ball
3-1: Called Strike
3-2: Strikes out swinging
Batting: LHB Graig Nettles 0-0: Foul Ball, location: 2F
0-1: Fly out, F7 (Line Drive, 78M, EV 98.1 MPH)
Batting: RHB Cam Carreon 0-0: Ball
1-0: Swinging Strike
1-1: Ball
2-1: Foul Ball, location: 9LSF
2-2: Strikes out swinging
Top of the 6th over - 0 runs, 0 hits, 0 errors, 0 left on base; Stockton 5 - Orlando 0
BOTTOM OF THE 6TH
Orlando Oracles batting - Pitching for Stockton 209 : RHP Jim Nash
Batting: RHB Toni Salonen 0-0: Ball
1-0: Called Strike
1-1: Ball
2-1: Swinging Strike
2-2: Strikes out swinging
Batting: RHB Cesar Cedeno 0-0: Called Strike
0-1: Ball
1-1: Ball
2-1: Ball
3-1: SINGLE (Groundball, 6MD, EV 105.6 MPH)
Batting: LHB Matty Alou 0-0: Called Strike
0-1: Fly out, F7 (Flyball, 7D, EV 103.8 MPH)
Batting: LHB Rusty Staub 0-0: Ball
Cesar Cedeno steals 2nd base
1-0: Ball
2-0: Swinging Strike
2-1: Called Strike
2-2: Foul Ball, location: 9LSF
2-2: Fly out, F9 (Line Drive, 9LS, EV 91.9 MPH)
Bottom of the 6th over - 0 runs, 1 hit, 0 errors, 1 left on base; Stockton 5 - Orlando 0
TOP OF THE 7TH
Stockton 209 batting - Pitching for Orlando Oracles : RHP Toni Salonen
Batting: RHB Jim Nash 0-0: Ball
1-0: Ball
2-0: Ball
3-0: Called Strike
3-1: Fly out, F8 (Flyball, 8LD, EV 110.6 MPH)
Batting: SHB Reggie Smith 0-0: Ground out 4-3 (Groundball, 4, EV 86.3 MPH)
Batting: LHB Toyotomi Matsumoto 0-0: Called Strike
0-1: Ball
1-1: Foul Ball, location: 7LDF
1-2: Strikes out swinging
Top of the 7th over - 0 runs, 0 hits, 0 errors, 0 left on base; Stockton 5 - Orlando 0
BOTTOM OF THE 7TH
Orlando Oracles batting - Pitching for Stockton 209 : RHP Jim Nash
Batting: RHB Edward Wilson 0-0: Ball
1-0: Called Strike
1-1: Swinging Strike
1-2: Strikes out swinging
Batting: LHB Ken'ichi Taketo 0-0: Ball
1-0: Fly out, F5 (Popup, 25F, EV 79.4 MPH)
Batting: LHB Ed Herrmann 0-0: Called Strike
0-1: Ball
1-1: Called Strike
1-2: Foul Ball, location: 5FF
1-2: Ball
2-2: Strikes out swinging
Bottom of the 7th over - 0 runs, 0 hits, 0 errors, 0 left on base; Stockton 5 - Orlando 0
TOP OF THE 8TH
Stockton 209 batting - Pitching for Orlando Oracles : RHP Toni Salonen
Batting: RHB Paco Ortega 0-0: Called Strike
0-1: Ball
1-1: Ball
2-1: Ball
3-1: Ground out 5-3 (Groundball, 56, EV 81.9 MPH)
Batting: RHB Roberto Hernández 0-0: Ball
1-0: Called Strike
1-1: Ball
2-1: Ball
3-1: Base on Balls
Batting: SHB Peter Holt 0-0: Ball
1-0: Foul Ball, location: 2F
1-1: Fly out, F8 (Line Drive, 78D, EV 85.0 MPH)
Pitching: RHP Francis Myers
Batting: SHB William Cameron 0-0: Swinging Strike
0-1: Ball
1-1: SINGLE (Groundball, 4MD, EV 98.1 MPH)
Roberto Hernández to second
Batting: LHB Graig Nettles 0-0: Called Strike
0-1: Called Strike
0-2: Strikes out looking
Top of the 8th over - 0 runs, 1 hit, 0 errors, 2 left on base; Stockton 5 - Orlando 0
BOTTOM OF THE 8TH
Orlando Oracles batting - Pitching for Stockton 209 : RHP Jim Nash
Batting: RHB Miguel Chávez 0-0: Ball
1-0: Ball
2-0: Foul Ball, location: 25F
2-1: Foul Ball, location: 2RF
2-2: Strikes out swinging
Pinch Hitting: RHB Bob Robertson 0-0: Foul Ball, location: 3F
0-1: Foul Ball, location: 23F
0-2: Ball
1-2: Strikes out swinging
Pinch Hitting: LHB Kevin Crum 0-0: Ball
1-0: Ball
2-0: Foul Ball, location: 5DF
2-1: Foul Ball, location: 3F
2-2: Fly out, F1 (Line Drive, P, EV 66.3 MPH)
Bottom of the 8th over - 0 runs, 0 hits, 0 errors, 0 left on base; Stockton 5 - Orlando 0
TOP OF THE 9TH
Stockton 209 batting - Pitching for Orlando Oracles : RHP Francis Myers
Pitching: RHP Nelson Britt
Now at SS: Brian Burkill
Batting: RHB Cam Carreon 0-0: Called Strike
0-1: Swinging Strike
0-2: Strikes out swinging
Batting: RHB Jim Nash 0-0: Foul Ball, location: 2F
0-1: Swinging Strike
0-2: Foul Ball, location: 5F
0-2: Foul Ball, location: 2F
0-2: Strikes out looking
Batting: SHB Reggie Smith 0-0: Called Strike
0-1: Fly out, F7 (Flyball, 7S, EV 87.5 MPH)
Top of the 9th over - 0 runs, 0 hits, 0 errors, 0 left on base; Stockton 5 - Orlando 0
BOTTOM OF THE 9TH
Orlando Oracles batting - Pitching for Stockton 209 : RHP Jim Nash
Batting: RHB Cesar Cedeno 0-0: Ball
1-0: Swinging Strike
1-1: Foul Ball, location: 9LMF
1-2: Fly out, F4 (Line Drive, 4, EV 65.0 MPH)
Batting: LHB Matty Alou 0-0: Ground out 4-3 (Groundball, 4S, EV 85.0 MPH)
Batting: LHB Rusty Staub 0-0: Called Strike
0-1: Ball
1-1: Ball
2-1: Ball
3-1: Foul Ball, location: 3F
3-2: Strikes out swinging
Bottom of the 9th over - 0 runs, 0 hits, 0 errors, 0 left on base; Stockton 5 - Orlando 0
Wednesday, February 28th , 2024 - OOTP Baseball 24.8 Build 75